 Dungeon Crawl Stone Soup version 0.29.0-4-gdea44cf6ec (webtiles) character file.

Game seed: 17651731048427185685

329 qw the Chopper (level 6, 0/35 HPs)
             Began as a Tengu Warper on Aug 28, 2022.
             Slain by a wyvern (10 damage)
             ... on level 4 of the Dungeon.
             The game lasted 00:00:17 (2936 turns).

qw the Chopper (Tengu Warper)                       Turns: 2936, Time: 00:00:17

Health: 0/35       AC: 10    Str: 10 (13) XL:     6   Next: 50%
Magic:  10/10      EV:  6    Int: 13      God:
Gold:   86         SH:  0    Dex: 12 (14) Spells: 9/9 levels left

rFire   . . .      SeeInvis .   Y - +1 hand axe
rCold   . . .      Faith    .   (no shield)
rNeg    . . .      Spirit   .   h - +0 chain mail
rPois   .          Reflect  .   (helmet restricted)
rElec   .          Harm     .   (no cloak)
rCorr   .          Rampage  .   i - +0 pair of gloves
Will    .....                   (boots unavailable)
Stlth   ..........              o - amulet of regeneration
HPRegen 0.91/turn               (no ring)
MPRegen 0.12/turn               (no ring)

@: flying quickly and evasively, quick
A: beak, talons 3, nimble flight
a: no special abilities


You were on level 4 of the Dungeon.
You visited 1 branch of the dungeon, and saw 4 of its levels.

You collected 210 gold pieces.
You spent 124 gold pieces at shops.


Innate Abilities, Weirdness & Mutations

You have a beak for a mouth.
You have claws for feet.
Your magical nature lets you fly swiftly and evasively.


   Skills:
 - Level 2.0 Fighting
 + Level 6.6 Axes
 - Level 1.0 Throwing
 - Level 3.1 Armour
 - Level 2.1 Dodging
 - Level 2.0 Spellcasting
 - Level 2.4 Translocations


You had 9 spell levels left.
You didn't know any spells.
Your spell library contained the following spells:

 Spells                   Type           Power      Damage    Failure   Level
 Blink                    Tloc           14%        N/A       100%        2
 Gell's Gravitas          Tloc           7%         N/A       100%        3
 Lesser Beckoning         Tloc           7%         N/A       100%        3
 Teleport Other           Tloc           7%         N/A       100%        3
 Manifold Assault         Tloc           7%         N/A       100%        5

Inventory:

Hand Weapons
 d - a +0 mace
 Y - a +1 hand axe (weapon)
Missiles
 a - 8 boomerangs (quivered)
Armour
 h - a +0 chain mail (worn)
 i - a +0 pair of gloves (worn)
Jewellery
 f - a ring of fire
 o - an amulet of regeneration (around neck)
Scrolls
 c - a scroll of torment {unknown}
Potions
 b - 2 potions of might
 e - a potion of ambrosia {unknown}
 j - a potion of attraction {unknown}
 k - 2 potions of resistance
 l - a potion of heal wounds {unknown}
 n - 2 potions of curing {unknown}

Dungeon Overview and Level Annotations

Branches:
Dungeon (4/15)
 Temple: D:4-7

Altars:
Ru
Wu Jian

Shops:
D:2 [   D:3 *


Message History

The adder hisses angrily.
The teleport trap disappears.
The adder disappears!
The adder moves out of view.
Found a stone staircase leading down.
A wyvern comes into view.
The wyvern hisses angrily.
Throw: 8 boomerangs
Press: ? - help, Q - select action Shift-Dir - straight line, f - wyvern You throw a boomerang.
The boomerang closely misses the wyvern.
Throw: 8 boomerangs
Press: ? - help, Q - select action Shift-Dir - straight line, f/p - wyvern You throw a boomerang.
The boomerang barely misses the wyvern.
The wyvern bites you but does no damage.
You hit the wyvern but do no damage. You claw the wyvern.
The wyvern is lightly wounded.
The wyvern hisses menacingly.
The wyvern bites you but does no damage.
You hit the wyvern.
The wyvern is moderately wounded.
The wyvern bites you!
You barely miss the wyvern. You peck the wyvern, but do no damage.
The wyvern is moderately wounded.
The wyvern bites you! x2
You hit the wyvern.
The wyvern is moderately wounded.
The wyvern barely misses you.
You hit the wyvern but do no damage. Your peck misses the wyvern.
The wyvern is moderately wounded.
The wyvern bites you but does no damage.
The wyvern barely misses you.
You hit the wyvern. Your peck misses the wyvern.
The wyvern is moderately wounded.
The wyvern barely misses you.
You barely miss the wyvern. Your kick misses the wyvern.
The wyvern is moderately wounded.
The wyvern bites you!
You hit the wyvern.
The wyvern is heavily wounded.
The wyvern barely misses you. The wyvern bites you!
You die...

.. #.. ..###..#
......# ......
#...# #>.#
#.l####.#
#..@....# #
#..####.###.#
#...........
#..##......
#..##...##
#.......#
#.#.#.....#
#.#.#.###..####.#
#.#.#.# #.......#


You could see a wyvern.

Vanquished Creatures
  An ogre (D:4)
  A bullfrog (D:3)
  A scorpion (D:4)
  Jessica (D:2)
  2 adders
  A worm (D:3)
  A dart slug (D:1)
  4 ball pythons
  7 endoplasms
  3 giant cockroaches (D:2)
  5 goblins
  5 hobgoblins
  6 jackals
  3 quokkas
  6 bats
  2 frilled lizards
  7 kobolds
  6 rats
62 creatures vanquished.

Notes
Turn   | Place    | Note
-------+----------+-------------------------------------------
     0 | D:1      | qw the Tengu Warper began the quest for the Orb.
     0 | D:1      | Reached XP level 1. HP: 12/12 MP: 4/4
     0 | D:1      | 0 ||| qw: Version: 0.1-a-89-g26bdef1
     0 | D:1      | 0 ||| qw: Game counter: 933
     0 | D:1      | 0 ||| qw: Always use a shield: true
     0 | D:1      | 0 ||| qw: God list: Okawaru
     0 | D:1      | 0 ||| qw: Allow faded altars: false
     0 | D:1      | 0 ||| qw: Do Orc after D:15 true
     0 | D:1      | 0 ||| qw: Do second Lair branch before Depths: true
     0 | D:1      | 0 ||| qw: Lair rune preference: random
     0 | D:1      | 0 ||| qw: Plans: Normal
     0 | D:1      | 0 ||| PLANNING D:1-11
   131 | D:1      | 131 ||| Stepping ~*~*~tactically~*~*~ (stealth).
   177 | D:1      | 177 ||| Stepping ~*~*~tactically~*~*~ (stealth).
   288 | D:1      | Reached XP level 2. HP: 17/17 MP: 6/6
   299 | D:1      | Reached skill level 3 in Axes
   305 | D:1      | 305 ||| Stepping ~*~*~tactically~*~*~ (stealth).
   484 | D:1      | 484 ||| DROPPING +0 club.
   844 | D:1      | 844 ||| UPGRADING to +0 scale mail.
   854 | D:1      | 854 ||| DROPPING +0 leather armour.
   855 | D:1      | 855 ||| DROPPING scarf of shadows.
   856 | D:1      | 856 ||| UPGRADING to +0 chain mail.
   866 | D:1      | 866 ||| DROPPING +0 scale mail.
   867 | D:1      | 867 ||| DROPPING ring of flight.
   868 | D:1      | 868 ||| DROPPING scroll of blinking.
   886 | D:2      | 886 ||| Stepping ~*~*~tactically~*~*~ (stealth).
   900 | D:2      | Found an ornate altar of the Wu Jian Council.
   960 | D:2      | Reached XP level 3. HP: 20/21 MP: 7/7
  1055 | D:2      | Noticed Jessica
  1061 | D:2      | Killed Jessica
  1062 | D:2      | Reached skill level 4 in Axes
  1126 | D:2      | 1126 ||| Stepping ~*~*~tactically~*~*~ (stealth).
  1129 | D:2      | 1129 ||| Stepping ~*~*~tactically~*~*~ (stealth).
  1131 | D:2      | 1131 ||| Stepping ~*~*~tactically~*~*~ (stealth).
  1132 | D:2      | 1132 ||| Stepping ~*~*~tactically~*~*~ (stealth).
  1134 | D:2      | 1134 ||| Stepping ~*~*~tactically~*~*~ (stealth).
  1135 | D:2      | 1135 ||| Stepping ~*~*~tactically~*~*~ (stealth).
  1136 | D:2      | 1136 ||| Stepping ~*~*~tactically~*~*~ (stealth).
  1143 | D:2      | Reached XP level 4. HP: 26/26 MP: 8/8
  1197 | D:2      | Found Qyeptufa's Armour Shop.
  1212 | D:2      | 1212 ||| BUYING +0 pair of gloves (49 gold).
  1212 | D:2      | Bought a +0 pair of gloves for 49 gold pieces
  1212 | D:2      | 1212 ||| SHOPLISTING +0 plate armour (253 gold, have 24).
  1240 | D:2      | 1240 ||| Stepping ~*~*~tactically~*~*~ (stealth).
  1278 | D:2      | 1278 ||| Stepping ~*~*~tactically~*~*~ (stealth).
  1288 | D:2      | 1288 ||| Stepping ~*~*~tactically~*~*~ (stealth).
  1289 | D:2      | 1289 ||| Stepping ~*~*~tactically~*~*~ (stealth).
  1635 | D:2      | 1635 ||| UPGRADING to +0 pair of gloves.
  1640 | D:2      | 1640 ||| DROPPING +6 ring of intelligence.
  1641 | D:2      | 1641 ||| READING scroll labelled YBUSYETWEN.
  1642 | D:2      | 1642 ||| READING scroll labelled APHOLE ATUHAA.
  1643 | D:2      | 1643 ||| READING scroll labelled ZOCHOE JICUAW.
  1644 | D:2      | 1644 ||| DRINKING 3 lumpy purple potions.
  1696 | D:3      | Reached skill level 5 in Axes
  1814 | D:3      | Noticed a bullfrog
  1823 | D:3      | Killed a bullfrog
  1824 | D:3      | Reached skill level 3 in Armour
  1824 | D:3      | Gained mutation: Your magical nature lets you fly swiftly
                  | and evasively. [Tengu growth]
  1824 | D:3      | Reached XP level 5. HP: 14/30 MP: 9/9
  2023 | D:3      | Found a sacrificial altar of Ru.
  2222 | D:3      | 2222 ||| Stepping ~*~*~tactically~*~*~ (stealth).
  2228 | D:3      | 2228 ||| Stepping ~*~*~tactically~*~*~ (stealth).
  2392 | D:3      | Found Maiwkitt's Assorted Antiques.
  2400 | D:3      | 2400 ||| SHOPLISTING 2 scrolls of identify (108 gold, have
                  | 80).
  2400 | D:3      | 2400 ||| BUYING murky clear potion (24 gold).
  2400 | D:3      | Bought a murky clear potion for 24 gold pieces
  2400 | D:3      | 2400 ||| BUYING murky cyan potion (24 gold).
  2400 | D:3      | Bought a murky cyan potion for 24 gold pieces
  2400 | D:3      | 2400 ||| BUYING scroll labelled DEMYAW VUFUUM (27 gold).
  2400 | D:3      | Bought a scroll labelled DEMYAW VUFUUM for 27 gold pieces
  2546 | D:3      | 2546 ||| UPGRADING to amulet of regeneration.
  2551 | D:3      | 2551 ||| READING scroll labelled DEMYAW VUFUUM.
  2552 | D:3      | 2552 ||| DRINKING 3 sapphire potions.
  2553 | D:3      | 2553 ||| DRINKING 2 murky cyan potions.
  2554 | D:3      | 2554 ||| DRINKING 2 murky clear potions.
  2555 | D:3      | 2555 ||| DROPPING potion of degeneration.
  2556 | D:3      | 2556 ||| DROPPING potion of brilliance.
  2581 | D:4      | Noticed an ogre
  2582 | D:4      | HP: 5/30 [ogre/+0 giant spiked club (25)]
  2583 | D:4      | Killed an ogre
  2584 | D:4      | Reached skill level 6 in Axes
  2584 | D:4      | Reached XP level 6. HP: 7/35 MP: 10/10
  2684 | D:4      | 2684 ||| Stepping ~*~*~tactically~*~*~ (stealth).
  2685 | D:4      | 2685 ||| Stepping ~*~*~tactically~*~*~ (stealth).
  2687 | D:4      | 2687 ||| Stepping ~*~*~tactically~*~*~ (stealth).
  2897 | D:4      | 2897 ||| Stepping ~*~*~tactically~*~*~ (stealth).
  2898 | D:4      | 2898 ||| Stepping ~*~*~tactically~*~*~ (stealth).
  2925 | D:4      | Noticed a wyvern
  2936 | D:4      | Slain by a wyvern

Levels and vault maps discovered:
D:1:      nagdon_arrival_zigzag_paths, layout_basic, nrook_campfire
D:2:      layout_loops_ring, serial_shops, shop, basic_altar, uniq_jessica
D:3:      layout_loops_cross, mainiacjoe_overflow_cross_hatched, serial_shops,
          shop
D:4:      layout_basic, grunt_ministairs_5

Skill      XL: |  1  2  3  4  5 |
---------------+----------------+-----
Axes           | 3 4 5 6 |  6.6
Armour         | 3 |  3.1
Fighting       | |  2.0
Throwing       | |  1.0
Dodging        | |  2.1
Spellcasting   | |  2.0
Translocations | |  2.4

Action                   |  1- 3 |  4- 6 || total
-------------------------+-------+-------++-------
Melee: Hand axe          |    41 |   104 ||   145
       Kick              |    11 |    20 ||    31
       Peck              |     6 |    15 ||    21
Throw: Boomerang         |     7 |    40 ||    47
  Use: Scroll            |       |     4 ||     4
       Potion            |       |     4 ||     4
 Stab: Distracted        |     1 |       ||     1
Armor: Leather armour    |     9 |       ||     9
       Chain mail        |     9 |    41 ||    50
Dodge: Dodged            |    15 |    29 ||    44

Table legend:
 A = Non-vault XP
 B = Vault XP
 C = Vault XP percentage of total XP
 D = Non-vault monster count
 E = Vault monster count
 F = Vault count percentage of total count
                 A         B        C        D         E       F
            +---------+---------+-------+---------+---------+-------
      Total |     310 |     160 |  34.0 |      59 |       3 |   4.8
            +---------+---------+-------+---------+---------+-------
        D:1 |      25 |       0 |   0.0 |      15 |       0 |   0.0
        D:2 |      44 |      37 |  45.7 |      18 |       1 |   5.3
        D:3 |     134 |       0 |   0.0 |      15 |       0 |   0.0
        D:4 |     107 |     123 |  53.5 |      11 |       2 |  15.4
            +---------+---------+-------+---------+---------+-------
